cohdb
Replays
Latest Replays
All Replays
Popular Replays
Top Player Replays
Match Explorer
How It Works
Community
CoH3 Stats
Reddit
Sign in to upload your games and track your stats! →
Sign in with Steam
Match 43796348
Unlisted
Match 43796348
Overview
Messages
Build Orders
End
Construct Infanterie Kompanie
Selects Terror Battlegroup
MG 42 Machine Gun Team
Grenadier Squad
Grenadier Squad
Medical Station
Grenadier Squad
Selects Machine Gun Camouflage
Infanterie Officer Quarters
Construct Luftwaffe Kompanie
Jäger Squad
Luftwaffe Officer Quarters
Selects Defend the Fatherland
221 Scout Car
Pioneer Squad
Construct Panzergrenadier Kompanie
Jäger Squad
Pak 40 Anti-tank Gun Team
Jäger Squad
Selects Interrogate
Pak 40 Anti-tank Gun Team
Panzergrenadier Officer Quarters
Selects Propaganda Leaflet Drop
soap
SnakeEyes
中二青年
Bran
DrewP
Dillbro
0
0
Comments
sign in to comment!
No comments posted yet!